 Dungeon Crawl Stone Soup version 0.21-a0-450-gd87a9b2 (webtiles) character file.

1220 slep the Slasher (level 8, 0/61 HPs)
             Began as a Demonspawn Monk on Nov 19, 2017.
             Was an Elder of Okawaru.
             Slain by a killer bee (6 damage)
             ... on level 4 of the Dungeon.
             The game lasted 00:26:06 (4652 turns).

slep the Slasher (Demonspawn Monk)                  Turns: 4652, Time: 00:26:07

Health: 0/61       AC:  9    Str: 11    XL:     8   Next: 23%
Magic:  8/8        EV: 13    Int: 11    God:    Okawaru [****..]
Gold:   230        SH:  0    Dex: 19    Spells: 7/7 levels left

rFire    + . .     SeeInvis .   A - +2 dagger (elec)
rCold    + . .     Gourm    .   (no shield)
rNeg     . . .     Faith    .   s - +0 ring mail {rC+}
rPois    .         Spirit   .   (helmet restricted)
rElec    .         Reflect  .   (no cloak)
rCorr    .         Harm     .   (no gloves)
MR       .....                  (no boots)
Stlth    ++........             (no amulet)
HPRegen  0.20/turn              (no ring)
MPRegen  0.11/turn              (no ring)

@: no status effects
A: antennae 2, iridescent scales 2, fire resistance 1
a: Heroism, Renounce Religion


You were on level 4 of the Dungeon.
You worshipped Okawaru.
Okawaru was greatly pleased with you.
You were not hungry.

You visited 1 branch of the dungeon, and saw 5 of its levels.

You collected 230 gold pieces.

Inventory:

Hand Weapons
 a - a +0 falchion
 m - a +1 short sword of draining
 p - a +0 short sword of speed
 t - a +0 spear
 v - a +1 whip of flaming
 A - a +2 dagger of electrocution (weapon)
Missiles
 j - 15 poisoned needles
Armour
 b - a +0 robe
 d - a +0 ring mail
 s - a +0 ring mail of cold resistance (worn)
Wands
 e - a wand of lightning (0/15)
 y - a wand of confusion (11/48)
Scrolls
 h - a scroll of fear {unknown}
 i - a scroll of magic mapping {unknown}
 l - 7 scrolls of identify {unknown}
 o - a scroll of immolation {unknown}
 q - 2 scrolls of teleportation {unknown}
 r - a scroll of remove curse {unknown}
 w - 4 scrolls of recharging {unknown}
 x - a scroll of amnesia {unknown}
 z - a scroll of noise {unknown}
 B - a scroll of enchant weapon {unknown}
 C - a scroll of blinking {unknown}
Potions
 g - a potion of agility {unknown}
 k - a potion of curing
Comestibles
 c - 3 bread rations
 f - 4 fruits
 n - 3 meat rations
 u - a royal jelly
 D - a chunk of flesh


   Skills:
 + Level 4.8 Fighting
 + Level 0.6(4.1) Short Blades
 + Level 6.6 Long Blades
 + Level 0.1 Throwing
 + Level 3.8 Armour
 + Level 4.1 Dodging
 + Level 2.8 Stealth


You had 7 spell levels left.
You didn't know any spells.

Dungeon Overview and Level Annotations

Branches:
Dungeon (5/15)             Temple (0/1) D:4

Altars:
Ashenzari
Elyvilon
Gozag
Okawaru
Qazlal
Sif Muna
Uskayaw
Vehumet
Zin

Shops:
D:3 *   D:4 *

Annotations:
D:4 Ijyb


Innate Abilities, Weirdness & Mutations

You have a pair of antennae on your head.
You are mostly covered in iridescent scales. (AC +4)
Your flesh is heat resistant. (rF+)


Message History

The killer bee seems less confused.
The killer bee stings you.
You hit the killer bee. You burn the killer bee.
The killer bee is severely wounded.
The killer bee stings you.
* * * LOW HITPOINT WARNING * * *
The killer bee closely misses you.
Wield which item (- for none, * to show all)? (? for menu, Esc to quit)
Your +1 whip of flaming stops flaming.
You hear the crackle of electricity.
A - a +2 dagger of electrocution (weapon)
The killer bee closely misses you.
You hit the killer bee but do no damage.
The killer bee is severely wounded.
The killer bee stings you.
* * * LOW HITPOINT WARNING * * *
The killer bee stings you.
* * * LOW HITPOINT WARNING * * *
The killer bee stings you.
You die...

#....## ##..## #
#### ## ##. ##..
##... #(... #######
##....
#..@yg#########.....
#####......[.#......
########........
##....... #..>....
#######. ## ## ##
##.


You could see Ijyb and a killer bee.

Vanquished Creatures
  Pikel (D:4)
  The ghost of Brunya the Chopper, a novice BaFi (D:4)
  2 slaves (D:4)
  2 phantoms
  An ogre (D:4)
  A worker ant (D:4)
  A hound skeleton (D:4)
  Robin (D:4)
  6 adders
  2 oozes
  A worm (D:3)
  2 dart slugs (D:2)
  A leopard gecko (D:2)
  3 orcs (D:4)
  2 ball pythons
  5 giant cockroaches
  16 goblins
  12 hobgoblins
  5 jackals
  2 quokkas (D:2)
  8 bats
  5 frilled lizards
  13 kobolds
  A quokka skeleton (D:2)
  11 rats
  A fungus (D:1)
106 creatures vanquished.

Notes
Turn   | Place    | Note
-------+----------+-------------------------------------------
     0 | D:1      | slep the Demonspawn Monk began the quest for the Orb.
     0 | D:1      | Reached XP level 1. HP: 18/18 MP: 1/1
   265 | D:1      | Gained mutation: Your flesh is heat resistant. (rF+) [demonic ancestry]
   265 | D:1      | Reached XP level 2. HP: 17/24 MP: 2/2
   292 | D:1      | Reached skill level 3 in Long Blades
   769 | D:1      | Gained mutation: You have a pair of small antennae on your head. [demonic ancestry]
   769 | D:1      | Reached XP level 3. HP: 26/29 MP: 3/3
  1099 | D:2      | HP: 1/29 [adder (2)]
  1254 | D:2      | Gained mutation: You are partially covered in iridescent scales. (AC +2) [demonic ancestry]
  1254 | D:2      | Reached XP level 4. HP: 21/35 MP: 4/4
  1503 | D:2      | Found a hide-covered altar of Uskayaw.
  1617 | D:2      | Found a stormy altar of Qazlal.
  1665 | D:2      | Found a faded altar of an unknown god.
  1777 | D:2      | Found an iron altar of Okawaru.
  1789 | D:2      | Became a worshipper of Warmaster Okawaru
  1789 | D:2      | Reached * piety under Okawaru
  1789 | D:2      | Reached ** piety under Okawaru
  2351 | D:3      | Found a radiant altar of Vehumet.
  2460 | D:3      | Noticed a phantom
  2563 | D:3      | Killed a phantom
  2563 | D:3      | Reached skill level 4 in Long Blades
  2563 | D:3      | Reached skill level 1 in Armour
  2563 | D:3      | Gained mutation: You have a pair of antennae on your head. [demonic ancestry]
  2563 | D:3      | Reached XP level 5. HP: 12/42 MP: 5/5
  2870 | D:3      | Found Gozag's Platinum Reserve.
  2870 | D:3      | Found an opulent altar of Gozag.
  3128 | D:3      | Found a shattered altar of Ashenzari.
  3414 | D:4      | Noticed Robin
  3552 | D:4      | Killed Robin
  3669 | D:4      | Found a deep blue altar of Sif Muna.
  3669 | D:4      | Noticed a slave
  3669 | D:4      | Noticed a slave
  3669 | D:4      | Noticed a slave
  3725 | D:4      | Gained mutation: You are mostly covered in iridescent scales. (AC +4) [demonic ancestry]
  3725 | D:4      | Reached XP level 6. HP: 40/48 MP: 6/6
  3790 | D:4      | Found a white marble altar of Elyvilon.
  3826 | D:4      | Reached skill level 5 in Long Blades
  3845 | D:4      | Noticed Brunya's ghost (novice BaFi)
  3870 | D:4      | Killed Brunya's ghost
  3870 | D:4      | Reached *** piety under Okawaru
  3870 | D:4      | Reached XP level 7. HP: 12/55 MP: 7/7
  4208 | D:4      | Reached skill level 6 in Long Blades
  4210 | D:4      | Found a staircase to the Ecumenical Temple.
  4365 | D:4      | Found Zin's Purification Station.
  4383 | D:4      | Found a glowing silver altar of Zin.
  4463 | D:4      | Noticed Pikel
  4543 | D:4      | Killed Pikel
  4543 | D:4      | Reached **** piety under Okawaru
  4543 | D:4      | Reached XP level 8. HP: 8/61 MP: 8/8
  4601 | D:4      | Noticed Ijyb
  4624 | D:5      | Entered Level 5 of the Dungeon
  4652 | D:4      | Slain by a killer bee

Vault maps used:
D:1:      dpeg_cavernosity
D:2:      nicolae_overflow_hidden_temple, overflow_temple_1_default,
          chequers_ecumenical_altar_simple_redux, kennysheep_okawaru_gauntlet
D:3:      lemuel_doored_altar, fiery_altar_vehumet,
          nicolae_gozag_zags_fifth_avenue
D:4:      zin_purify, lemuel_coloured_pillars_altar, overflow_temple_1_default,
          lemuel_crystal_altar, minmay_temple_entry_statues, first_bread,
          sigmund_edmund_badplayer, uniq_pikel, uniq_ijyb, uniq_robin
D:5:      serial_shops, shop, serial_glass, glass_columns_a, glass_columns_b

Skill      XL: |  1  2  3  4  5  6  7 |
---------------+----------------------+-----
Long Blades    | 3 4 5 6 |  6.6
Dodging        | 3 4 |  4.1
Stealth        | 2 |  2.8
Armour         | 1 2 3 |  3.8
Fighting       | 4 |  4.8
Short Blades   | |  0.6
Throwing       | |  0.1

Action                   |  1- 3 |  4- 6 |  7- 9 || total
-------------------------+-------+-------+-------++-------
Melee: Falchion          |   144 |   247 |    53 ||   444
       Spear             |       |     4 |       ||     4
       Dagger            |       |    12 |     1 ||    13
       Whip              |       |       |     1 ||     1
Throw: Stone             |       |     8 |       ||     8
Evoke: Wand              |       |       |     3 ||     3
  Use: Potion            |     1 |     2 |     3 ||     6
 Stab: Sleeping          |     3 |     1 |       ||     4
  Eat: Chunk             |     1 |     9 |     3 ||    13
Armor: Ring mail         |    39 |   103 |    20 ||   162
       Robe              |     1 |       |       ||     1
Dodge: Dodged            |    93 |   193 |    32 ||   318
       Rpst.: Falchion   |    24 |    54 |    10 ||    88

Table legend:
 A = Spawn XP
 B = Non-spawn XP
 C = Spawn XP percentage of total XP
 D = Spawn monster count
 E = Non-spawn monster count
 F = Spawn count percentage of total count
 G = Total turns spent on level
                    A         B        C        D         E        F      G
               +---------+---------+-------+---------+---------+-------+---------
         Total |       0 |    1743 |   0.0 |       0 |     103 |   0.0 |  4652
               +---------+---------+-------+---------+---------+-------+---------
           D:1 |       0 |      44 |   0.0 |       0 |      29 |   0.0 |  1009
           D:2 |       0 |     115 |   0.0 |       0 |      35 |   0.0 |  1268
           D:3 |       0 |     187 |   0.0 |       0 |      22 |   0.0 |  1251
           D:4 |       0 |    1397 |   0.0 |       0 |      17 |   0.0 |  1122
               +---------+---------+-------+---------+---------+-------+---------
